Workbook

Sheet Multi Emp. Weekly Timesheet
B2: www.ExcelDataPro.com | S2: Hourly Summary
B3: Weekly Timesheet With Payslip Excel Template
B4: Month | C4: 42917 | D4: Day | E4: =TEXT(E5,"dddd") -> Sunday | G4: =TEXT(G5,"dddd") -> Monday | I4: =TEXT(I5,"dddd") -> Tuesday | K4: =TEXT(K5,"dddd") -> Wednesday | M4: =TEXT(M5,"dddd") -> Thursday | O4: =TEXT(O5,"dddd") -> Friday | Q4: =TEXT(Q5,"dddd") -> Saturday | S4: Regular Hours | T4: Hourly Rate | U4: Over Time Hours | V4: Over Time Rate | W4: Total Hours
B5: Name of Employee | C5: Designation | D5: Date | E5: 43282 | G5: =E5+1 -> 43283 | I5: =G5+1 -> 43284 | K5: =I5+1 -> 43285 | M5: =K5+1 -> 43286 | O5: =M5+1 -> 43287 | Q5: =O5+1 -> 43288
D6: Employee ID | E6: In | F6: Out | G6: In | H6: Out | I6: In | J6: Out | K6: In | L6: Out | M6: In | N6: Out | O6: In | P6: Out | Q6: In | R6: Out
B7: Adam | C7: Manager | D7: AE001 | E7: 0.33333333 | F7: 0.70833333 | G7: 0.35416667 | H7: 0.72916667 | I7: 0.34375 | J7: 0.75694444 | K7: 0.33333333 | L7: 0.70833333 | M7: 0.35416667 | N7: 0.72916667 | O7: 0.34375 | P7: 0.75694444 | Q7: 0.34375 | R7: 0.75694444 | S7: =((((G7-H7)+(I7-J7)+(K7-L7)+(M7-N7)+(O7-P7)+(Q7-R7))*24)*-1) -> 56.75 | T7: 8 | U7: =IF(E7="","",((F7-E7)*24)-1) -> 8 | V7: 10 | W7: =(((E7-F7)+(G7-H7)+(I7-J7)+(K7-L7)+(M7-N7)+(O7-P7)+(Q7-R7))*24)*-1 -> 65.75
B8: Billy | C8: Quality Control | D8: AE002 | E8: 0.35416667 | F8: 0.72916667 | G8: 0.34375 | H8: 0.75694444 | I8: 0.34375 | J8: 0.75694444 | K8: 0.33333333 | L8: 0.70833333 | M8: 0.35416667 | N8: 0.72916667 | O8: 0.34375 | P8: 0.75694444 | Q8: 0.34375 | R8: 0.75694444 | S8: =((((G8-H8)+(I8-J8)+(K8-L8)+(M8-N8)+(O8-P8)+(Q8-R8))*24)*-1) -> 57.666667 | T8: 7 | U8: =IF(E8="","",((F8-E8)*24)-1) -> 8 | V8: 9 | W8: =(((E8-F8)+(G8-H8)+(I8-J8)+(K8-L8)+(M8-N8)+(O8-P8)+(Q8-R8))*24)*-1 -> 66.666667
B9: Clarie | C9: Content Manager | D9: AE003 | E9: 0.33333333 | F9: 0.70833333 | G9: 0.33333333 | H9: 0.70833333 | I9: 0.33333333 | J9: 0.70833333 | K9: 0.33333333 | L9: 0.70833333 | M9: 0.33333333 | N9: 0.70833333 | O9: 0.33333333 | P9: 0.70833333 | Q9: 0.33333333 | R9: 0.70833333 | S9: =((((G9-H9)+(I9-J9)+(K9-L9)+(M9-N9)+(O9-P9)+(Q9-R9))*24)*-1) -> 54 | T9: 8 | U9: =IF(E9="","",((F9-E9)*24)-1) -> 8 | V9: 10 | W9: =(((E9-F9)+(G9-H9)+(I9-J9)+(K9-L9)+(M9-N9)+(O9-P9)+(Q9-R9))*24)*-1 -> 63
B10: David | S10: =((((G10-H10)+(I10-J10)+(K10-L10)+(M10-N10)+(O10-P10)+(Q10-R10))*24)*-1) -> 0 | T10: 10 | U10: =IF(E10="","",((F10-E10)*24)-1) | W10: =(((E10-F10)+(G10-H10)+(I10-J10)+(K10-L10)+(M10-N10)+(O10-P10)+(Q10-R10))*24)*-1 -> 0
B11: Emanuel | S11: =((((G11-H11)+(I11-J11)+(K11-L11)+(M11-N11)+(O11-P11)+(Q11-R11))*24)*-1) -> 0 | U11: =IF(E11="","",((F11-E11)*24)-1) | W11: =(((E11-F11)+(G11-H11)+(I11-J11)+(K11-L11)+(M11-N11)+(O11-P11)+(Q11-R11))*24)*-1 -> 0
B12: Flora | S12: =((((G12-H12)+(I12-J12)+(K12-L12)+(M12-N12)+(O12-P12)+(Q12-R12))*24)*-1) -> 0 | U12: =IF(E12="","",((F12-E12)*24)-1) | W12: =(((E12-F12)+(G12-H12)+(I12-J12)+(K12-L12)+(M12-N12)+(O12-P12)+(Q12-R12))*24)*-1 -> 0
B13: Gissele | S13: =((((G13-H13)+(I13-J13)+(K13-L13)+(M13-N13)+(O13-P13)+(Q13-R13))*24)*-1) -> 0 | U13: =IF(E13="","",((F13-E13)*24)-1) | W13: =(((E13-F13)+(G13-H13)+(I13-J13)+(K13-L13)+(M13-N13)+(O13-P13)+(Q13-R13))*24)*-1 -> 0
B14: Hannah | S14: =((((G14-H14)+(I14-J14)+(K14-L14)+(M14-N14)+(O14-P14)+(Q14-R14))*24)*-1) -> 0 | U14: =IF(E14="","",((F14-E14)*24)-1) | W14: =(((E14-F14)+(G14-H14)+(I14-J14)+(K14-L14)+(M14-N14)+(O14-P14)+(Q14-R14))*24)*-1 -> 0
B15: Irina | S15: =((((G15-H15)+(I15-J15)+(K15-L15)+(M15-N15)+(O15-P15)+(Q15-R15))*24)*-1) -> 0 | U15: =IF(E15="","",((F15-E15)*24)-1) | W15: =(((E15-F15)+(G15-H15)+(I15-J15)+(K15-L15)+(M15-N15)+(O15-P15)+(Q15-R15))*24)*-1 -> 0
B16: Jackie | S16: =((((G16-H16)+(I16-J16)+(K16-L16)+(M16-N16)+(O16-P16)+(Q16-R16))*24)*-1) -> 0 | U16: =IF(E16="","",((F16-E16)*24)-1) | W16: =(((E16-F16)+(G16-H16)+(I16-J16)+(K16-L16)+(M16-N16)+(O16-P16)+(Q16-R16))*24)*-1 -> 0
B17: Katie | S17: =((((G17-H17)+(I17-J17)+(K17-L17)+(M17-N17)+(O17-P17)+(Q17-R17))*24)*-1) -> 0 | U17: =IF(E17="","",((F17-E17)*24)-1) | W17: =(((E17-F17)+(G17-H17)+(I17-J17)+(K17-L17)+(M17-N17)+(O17-P17)+(Q17-R17))*24)*-1 -> 0
B18: Laila | S18: =((((G18-H18)+(I18-J18)+(K18-L18)+(M18-N18)+(O18-P18)+(Q18-R18))*24)*-1) -> 0 | U18: =IF(E18="","",((F18-E18)*24)-1) | W18: =(((E18-F18)+(G18-H18)+(I18-J18)+(K18-L18)+(M18-N18)+(O18-P18)+(Q18-R18))*24)*-1 -> 0
B19: Mary | S19: =((((G19-H19)+(I19-J19)+(K19-L19)+(M19-N19)+(O19-P19)+(Q19-R19))*24)*-1) -> 0 | U19: =IF(E19="","",((F19-E19)*24)-1) | W19: =(((E19-F19)+(G19-H19)+(I19-J19)+(K19-L19)+(M19-N19)+(O19-P19)+(Q19-R19))*24)*-1 -> 0
B20: Nancy | S20: =((((G20-H20)+(I20-J20)+(K20-L20)+(M20-N20)+(O20-P20)+(Q20-R20))*24)*-1) -> 0 | U20: =IF(E20="","",((F20-E20)*24)-1) | W20: =(((E20-F20)+(G20-H20)+(I20-J20)+(K20-L20)+(M20-N20)+(O20-P20)+(Q20-R20))*24)*-1 -> 0
B21: Omega | S21: =((((G21-H21)+(I21-J21)+(K21-L21)+(M21-N21)+(O21-P21)+(Q21-R21))*24)*-1) -> 0 | U21: =IF(E21="","",((F21-E21)*24)-1) | W21: =(((E21-F21)+(G21-H21)+(I21-J21)+(K21-L21)+(M21-N21)+(O21-P21)+(Q21-R21))*24)*-1 -> 0
B22: Patrick | S22: =((((G22-H22)+(I22-J22)+(K22-L22)+(M22-N22)+(O22-P22)+(Q22-R22))*24)*-1) -> 0 | U22: =IF(E22="","",((F22-E22)*24)-1) | W22: =(((E22-F22)+(G22-H22)+(I22-J22)+(K22-L22)+(M22-N22)+(O22-P22)+(Q22-R22))*24)*-1 -> 0
... B46: Nancy 1 | S46: =((((G46-H46)+(I46-J46)+(K46-L46)+(M46-N46)+(O46-P46)+(Q46-R46))*24)*-1) -> 0 | U46: =IF(E46="","",((F46-E46)*24)-1) | W46: =(((E46-F46)+(G46-H46)+(I46-J46)+(K46-L46)+(M46-N46)+(O46-P46)+(Q46-R46))*24)*-1 -> 0
B47: =COUNTA(B7:B46) &" " & "Employees" -> 40 Employees | S47: =SUM(S7:S46) -> 168.41667 | U47: =SUM(U7:U46) -> 24 | W47: =SUM(W7:W46) -> 195.41667
E48: Prepared By: | P48: Approved By:

Sheet Payslip
B2: www.ExcelDataPro.com
B3: Weekly Timesheet With Payslip Excel Template
B5: Start Date | C5: ='Multi Emp. Weekly Timesheet'!E5 -> 43282 | D5: End Date | E5: ='Multi Emp. Weekly Timesheet'!Q5 -> 43288 | F5: ='Multi Emp. Weekly Timesheet'!C4 -> 42917
B6: Employee Details
B7: Employee Name: | C7: Adam
B8: Designation: | C8: =VLOOKUP(C7, 'Multi Emp. Weekly Timesheet'!B7:D46,2,FALSE) -> Manager
B9: Employee ID: | C9: =VLOOKUP(C7, 'Multi Emp. Weekly Timesheet'!B7:D46,3,FALSE) -> AE001
B10: Salary Details
B11: Description | F11: Amount
B12: Gross Salary | C12: No. Of Days | D12: =COUNTA('Multi Emp. Weekly Timesheet'!E5:R5) -> 7
B13: Regular Hours | C13: =VLOOKUP(C7,'Multi Emp. Weekly Timesheet'!B7:T46,18,FALSE) -> 56.75 | D13: Rate/Hr | E13: =VLOOKUP(C7,'Multi Emp. Weekly Timesheet'!B7:T46,19,FALSE) -> 8 | F13: =C13*E13 -> 454
B14: Overtime Hours | C14: =VLOOKUP(C7,'Multi Emp. Weekly Timesheet'!B7:W46,20,FALSE) -> 8 | D14: Rate/Hr | E14: =VLOOKUP(C7,'Multi Emp. Weekly Timesheet'!B7:W46,21,FALSE) -> 10 | F14: =C14*E14 -> 80
B15: Add: Allowances | F15: 400
B16: Add: Bonus | F16: 0
B17: Less: Deductions | F17: 200
B18: Less: Taxes | F18: 100
B19: Less: Loans Emi | F19: 0
B20: Net Salary Transfer Amount | F20: =F13+F15+F16-F17-F18-F19 -> 554
B21: Amount In Words:
B22: Five Hundred Fifty Four Dollars
B23: Payment Medium | D23: Bank Transfer
B24: Bank Name | D24: ABC Bank
B25: Account Number | D25: 203345789631
B26: Prepared By | D26: Checked By | F26: Authorised by
B30: Remarks:
